 Dungeon Crawl Stone Soup version 0.28-a0-983-g1de4e0787c (webtiles) character file.

Game seed: 15386274142998470554

8768 tatocazan the Cleaver (level 11, -2/84 HPs)
             Began as a Demonspawn Fighter on Dec 3, 2021.
             Was a High Priest of Okawaru.
             Killed from afar by a gargoyle (10 damage)
             ... with a stone arrow
             ... on level 10 of the Dungeon.
             The game lasted 00:14:17 (12263 turns).

tatocazan the Cleaver (Demonspawn Fighter)         Turns: 12263, Time: 00:14:17

Health: -2/84      AC: 20    Str: 20    XL:     11   Next: 14%
Magic:  16/16      EV:  6    Int: 11    God:    Okawaru [*****.]
Gold:   1509       SH:  5    Dex: 12    Spells: 10/10 levels left

rFire   . . .      SeeInvis +   p - +3 broad axe (elec)
rCold   . . .      Faith    .   c - +0 buckler
rNeg    . . .      Spirit   .   v - +0 plate armour
rPois   .          Reflect  .   q - +0 helmet {SInv}
rElec   .          Harm     .   o - scarf {+Inv}
rCorr   .          Rampage  .   (gloves unavailable)
Will    .....                   B - +1 pair of boots
Stlth   ..........              (no amulet)
HPRegen 0.24/turn               g - +4 ring of protection
MPRegen 0.15/turn               (no ring)

@: no status effects
A: foul stench 2, demonic touch 3
a: Renounce Religion, Evoke Invisibility, Heroism, Finesse, Duel


You were on level 10 of the Dungeon.
You worshipped Okawaru.
Okawaru was extremely pleased with you.
You visited 2 branches of the dungeon, and saw 11 of its levels.
You also visited: Sewer and Bailey.

You collected 1509 gold pieces.

Inventory:

Hand Weapons
 p - a +3 broad axe of electrocution (weapon)
Missiles
 f - 54 poisoned darts
 s - a throwing net
 G - 3 atropa-tipped darts (quivered)
Armour
 b - a +0 scale mail
 c - a +0 buckler (worn)
 o - a scarf of invisibility (worn)
 q - a +0 helmet of see invisible (worn)
 v - a +0 plate armour (worn)
 B - a +1 pair of boots (worn)
Jewellery
 g - a +4 ring of protection (left hand)
 h - an amulet of magic regeneration
 y - an amulet of faith
 E - a ring of resist corrosion
Wands
 a - a wand of mindburst (22)
 e - a wand of digging (2)
 r - a wand of iceblast (12)
 u - a wand of flame (43)
 F - a wand of paralysis (6)
Scrolls
 d - 2 scrolls of teleportation
 l - a scroll of fog
Potions
 i - 6 potions of flight
 j - 4 potions of brilliance
 k - 2 potions of haste
 m - a potion of curing
 n - a potion of ambrosia
 t - a potion of invisibility
 z - 3 potions of attraction
 A - a potion of magic
 C - a potion of resistance {unknown}
 D - a potion of mutation {unknown}


   Skills:
 + Level 7.4 Fighting
 * Level 8.9 Axes
 + Level 6.7 Armour
 + Level 1.6 Dodging
 + Level 6.9 Shields
 + Level 7.1 Invocations
 + Level 6.2 Evocations


You had 10 spell levels left.
You didn't know any spells.
Your spell library contained the following spells:

 Spells                   Type           Power      Damage    Failure   Level
 Ensorcelled Hibernation  Hex/Ice        0%         N/A       100%        2
 Spider Form              Tmut/Pois      0%         N/A       100%        3


Dungeon Overview and Level Annotations

Branches:
Dungeon (10/15)            Temple (1/1) D:5           Sewer (visited)
 Bailey (visited)
   Lair: D:8-11         Orc: D:9-12

Altars:
Ashenzari
Cheibriados
Dithmenos
Elyvilon
Gozag
Hepliaklqana
Kikubaaqudgha
Nemelex Xobeh
Okawaru
Ru
Trog
Uskayaw
Vehumet
Xom
Yredelemnul

Shops:
D:6 (   D:8 ?

Annotations:
D:8 Erica
D:9 1 runed translucent door


Innate Abilities, Weirdness & Mutations

You sometimes emit foul miasma when damaged in melee.
Your touch may irresistibly damage your foes and sap their willpower.


Message History

You are too injured to fight recklessly!
You barely miss the gargoyle.
The gargoyle is heavily damaged.
You block the gargoyle's attack.
You hit the gargoyle.
The gargoyle is heavily damaged.
The gargoyle barely misses you.
You hit the gargoyle.
The gargoyle is severely damaged.
The gargoyle hurls a stone arrow at you.
The stone arrow hits you.
You take 4 damage, and have 41/84 hp.
You hit the gargoyle but do no damage.
The gargoyle is severely damaged.
The gargoyle hits you but does no damage.
The gargoyle hits you with a +0 flail!
You take 10 damage, and have 31/84 hp.
You barely miss the gargoyle.
The gargoyle is severely damaged.
The gargoyle hits you but does no damage.
You hit the gargoyle but do no damage.
The gargoyle is heavily damaged.
The gargoyle hits you with a +0 flail.
You take 5 damage, and have 26/84 hp.
You hit the gargoyle but do no damage.
The gargoyle is heavily damaged.
The gargoyle hits you with a +0 flail!
* * * LOW HITPOINT WARNING * * *
You emit a cloud of foul miasma!
You take 11 damage, and have 15/84 hp.
You hit the gargoyle but do no damage.
The gargoyle is heavily damaged.
The gargoyle hits you with a +0 flail!
* * * LOW HITPOINT WARNING * * *
You take 7 damage, and have 8/84 hp.
You hit the gargoyle.
The gargoyle is severely damaged.
The gargoyle hurls a stone arrow at you.
The stone arrow hits you!
You die...

### ##<## #...#
#.♣.# #...#
##.## ##.## ###
#...##...#
.......♣.@9.♣
.....#...##...#
.....##.## ###
.... #. ... ..
... #.♣ #.


You could see a gargoyle.

Vanquished Creatures
  2 two-headed ogres
  An orc knight (Bailey)
  An ugly thing (D:10)
  Joseph (D:8)
  A komodo dragon (D:10)
  An unseen horror (D:7)
  Grinder (D:3)
  A shadow (D:9)
  13 yaks
  A wyvern (D:9)
  3 steam dragons
  A sky beast (D:5)
  An ice beast (D:6)
  6 orc warriors
  2 black bears
  3 centaurs
  4 ogres
  3 kobold brigands
  3 bullfrogs
  A scorpion (D:6)
  A wyvern zombie (D:5)
  A water moccasin skeleton (D:5)
  5 killer bees (D:8)
  A howler monkey (D:9)
  2 centaur zombies (D:6)
  A hound (D:4)
  A gnoll shaman (D:6)
  2 jellies
  An orc priest (D:6)
  A bullfrog skeleton (D:6)
  3 iguanas
  8 orc wizards
  A scorpion zombie (D:5)
  A hound zombie (D:3)
  Robin (D:1)
  2 howler monkey zombies
  2 adders
  6 gnolls
  A river rat (Sewer)
  2 shadow imps
  2 white imps
  2 ufetubi (D:6)
  2 adder skeletons (D:4)
  4 worms
  2 dart slugs
  22 orcs
  8 endoplasms
  5 giant cockroaches
  14 hobgoblins
  4 jackals
  7 quokkas
  4 ball pythons
  3 bats
  3 frilled lizards
  20 goblins
  33 kobolds
  7 rats
235 creatures vanquished.

Vanquished Creatures (others)
  A centaur zombie (D:7)
  19 plants (D:7)
20 creatures vanquished.

Grand Total: 255 creatures vanquished

Notes
Turn   | Place    | Note
-------+----------+-------------------------------------------
     0 | D:1      | tatocazan the Demonspawn Fighter began the quest for the
                  | Orb.
     0 | D:1      | Reached XP level 1. HP: 18/18 MP: 1/1
   354 | D:1      | Reached skill level 2 in Axes
   354 | D:1      | Gained mutation: Your touch may inflict minor irresistible
                  | damage on your foes. [demonic ancestry]
   354 | D:1      | Reached XP level 2. HP: 20/24 MP: 2/2
  1289 | D:2      | Noticed Robin
  1519 | D:1      | Gained mutation: Your touch may inflict irresistible damage
                  | on your foes. [demonic ancestry]
  1519 | D:1      | Reached XP level 3. HP: 6/29 MP: 3/3
  1523 | D:1      | HP: 1/29 [goblin[Robin] (4)]
  1951 | D:1      | Killed Robin
  2894 | D:3      | Gained mutation: You may rarely emit foul miasma when
                  | damaged in melee. [demonic ancestry]
  2894 | D:3      | Reached XP level 4. HP: 35/35 MP: 4/4
  3177 | D:3      | Reached XP level 5. HP: 29/42 MP: 5/5
  3378 | D:3      | Noticed Grinder
  3385 | D:3      | Killed Grinder
  3386 | D:3      | Reached skill level 3 in Axes
  3386 | D:3      | Reached skill level 1 in Evocations
  3386 | D:3      | Reached XP level 6. HP: 28/48 MP: 6/6
  3453 | D:3      | Found a faded altar of an unknown god.
  3915 | D:4      | Reached skill level 4 in Axes
  4077 | D:4      | Found a glowing drain.
  4084 | Sewer    | Entered a sewer
  4179 | Sewer    | Gained mutation: Your touch may irresistibly damage your
                  | foes and sap their willpower. [demonic ancestry]
  4179 | Sewer    | Reached XP level 7. HP: 37/54 MP: 7/7
  5136 | D:5      | Entered Level 5 of the Dungeon
  5287 | D:5      | Found a staircase to the Ecumenical Temple.
  5312 | Temple   | Entered the Ecumenical Temple
  5403 | Temple   | Became a worshipper of Warmaster Okawaru
  5727 | D:5      | Reached skill level 5 in Axes
  6104 | D:5      | Reached * piety under Okawaru
  6105 | D:5      | Reached XP level 8. HP: 7/61 MP: 8/8
  6541 | D:5      | Reached skill level 1 in Invocations
  6612 | D:5      | Identified 2 scrolls of acquirement
  6612 | D:5      | Acquired 876 gold pieces
  6614 | D:5      | Acquired a +3 broad axe of electrocution
  6729 | D:6      | Reached skill level 5 in Fighting
  6811 | D:6      | Found Eprym's Antique Weapon Emporium.
  6971 | D:6      | Reached skill level 5 in Shields
  6974 | D:6      | Reached ** piety under Okawaru
  6978 | D:6      | Reached skill level 6 in Axes
  7119 | D:6      | You fall into a shaft and drop 1 floor!
  7123 | D:7      | Reached skill level 5 in Armour
  7220 | D:7      | Gained mutation: You sometimes emit foul miasma when
                  | damaged in melee. [demonic ancestry]
  7220 | D:7      | Reached XP level 9. HP: 31/68 MP: 11/11
  7788 | D:7      | Noticed an unseen horror
  7800 | D:7      | Killed an unseen horror
  7868 | D:7      | Reached *** piety under Okawaru
  8424 | D:8      | Reached skill level 7 in Axes
  8431 | D:8      | HP: 3/69 [howler monkey zombie (4)]
  8789 | D:8      | Noticed a two-headed ogre
  8809 | D:8      | Killed a two-headed ogre
  8810 | D:8      | Reached skill level 5 in Invocations
  8810 | D:8      | Reached skill level 5 in Evocations
  8813 | D:8      | Reached XP level 10. HP: 19/77 MP: 12/14
  8826 | D:8      | Reached **** piety under Okawaru
  8892 | D:8      | Found a flagged portal.
  8899 | Bailey   | Entered a bailey
  9336 | Bailey   | Noticed an orc knight
  9343 | Bailey   | Killed an orc knight
  9970 | D:8      | Noticed Joseph
  9980 | D:8      | Killed Joseph
  9981 | D:8      | Reached skill level 8 in Axes
 10306 | D:8      | Found Cuasaytso's Magic Scroll Boutique.
 10307 | D:8      | Noticed Erica
 10323 | D:9      | Found a runed translucent door.
 10324 | D:9      | Noticed a two-headed ogre
 10332 | D:9      | Noticed a deep elf pyromancer
 10636 | D:9      | Received a gift from Okawaru
 10993 | D:9      | Noticed a two-headed ogre
 11002 | D:9      | Killed a two-headed ogre
 11281 | D:9      | Reached skill level 1 in Dodging
 11394 | D:9      | Reached XP level 11. HP: 53/84 MP: 16/16
 11523 | D:9      | Found a snail-covered altar of Cheibriados.
 11902 | D:10     | Entered Level 10 of the Dungeon
 11915 | D:10     | Noticed a two-headed ogre
 12133 | D:10     | Noticed a brown ugly thing
 12138 | D:10     | Killed a brown ugly thing
 12138 | D:10     | Reached ***** piety under Okawaru
 12263 | D:10     | Killed from afar by a gargoyle

Illustrated notes

Levels and vault maps discovered:
D:1:      lemuel_arrival_funnel, layout_basic, item_on_display_b
D:2:      layout_basic, uniq_robin
D:3:      minmay_skewed_foursquare, layout_basic,
          shapermc_ecumenical_altar_venn, hex_intersection, uniq_grinder
D:4:      layout_basic, gup_sewer_entry_bubbles
D:5:      layout_basic, minmay_temple_entry_large_hall
D:6:      cheibrodos_two_vegetables, layout_cave_pools, serial_shops,
          nicolae_square_shop
D:7:      kennysheep_kobold_camp, layout_basic
D:8:      layout_rooms, enter_bailey_4, serial_shops, kennysheep_mini_moat,
          gammafunk_ghost_cemetery, kennysheep_big_empty_room, uniq_erica,
          uniq_joseph
D:9:      layout_grid_maze, cheibrodos_worm_habitat, minmay_st_funbox
D:10:     layout_small_grid, biasface_ghost_orc_armoury, grunt_ministairs_5
Temple:   mainiacjoe_temple_archimedes_tessellation

Skill      XL: |  1  2  3  4  5  6  7  8  9 10 11 |
---------------+----------------------------------+-----
Axes           | 2 3 4 5 6 7 8 |  8.9
Shields        | 3 4 5 6 |  6.9
Armour         | 3 4 5 6 |  6.7
Fighting       | 4 5 6 7 |  7.4
Evocations     | 1 2 3 4 5 6 |  6.2
Invocations    | 3 5 6 7 |  7.1
Dodging        | 1 |  1.6

Action                   |  1- 3 |  4- 6 |  7- 9 | 10-12 || total
-------------------------+-------+-------+-------+-------++-------
Melee: War axe           |   104 |   119 |    72 |       ||   295
       Broad axe         |       |       |   148 |   160 ||   308
Throw: Dart              |       |       |     3 |    10 ||    13
Invok: Heroism           |       |       |       |     2 ||     2
Evoke: Wand              |       |       |     4 |     1 ||     5
  Use: Scroll            |     2 |     4 |     5 |     6 ||    17
       Potion            |       |     1 |     2 |     1 ||     4
Armor: Scale mail        |    50 |       |       |       ||    50
       Plate armour      |       |    94 |   186 |   147 ||   427
Dodge: Dodged            |    58 |    18 |    67 |    60 ||   203
Block: Buckler           |    27 |    27 |    77 |    56 ||   187

Table legend: (Time is in decaauts)
 A = Elapsed time spent in this place.
 B = Non-inter-level travel time spent in this place.
 C = Inter-level travel time spent in this place.
 D = Time resting spent in this place.
 E = Time spent auto-exploring this place.
 F = Levels seen in this place.
 G = Mean time per level.
                   A        B        C        D        E       F      G
               +--------+--------+--------+--------+--------+-----+--------+
         Total |  12497 |  12160 |    337 |   4732 |   5754 |  13 |  961.3 |
       Dungeon |  10856 |  10605 |    251 |   3618 |   5515 |  10 | 1085.6 |
        Temple |    178 |     92 |     86 |      0 |     77 |   1 |  178.0 |
         Sewer |    483 |    483 |      0 |    292 |    120 |   1 |  483.0 |
        Bailey |    979 |    979 |      0 |    822 |     42 |   1 |  979.0 |
               +--------+--------+--------+--------+--------+-----+--------+

Top non-repeatable levels by time:
     D:1: 2146 daAuts
     D:9: 1817 daAuts
     D:5: 1376 daAuts
     D:7: 1282 daAuts
     D:3: 1061 daAuts
     D:8: 979 daAuts
  Bailey: 979 daAuts
     D:4: 904 daAuts
     D:2: 682 daAuts
   Sewer: 483 daAuts
     D:6: 454 daAuts
  Temple: 178 daAuts
    D:10: 150 daAuts
